 Dungeon Crawl Stone Soup version 0.24-a0-525-g9231cdcba1 (webtiles) character file.

Game seed: 2111197288244371333

854 Mithandil the Conjurer (level 7, -5/37 HPs)
             Began as a Deep Elf Conjurer on July 31, 2019.
             Slain by an orc warrior
             ... wielding a +0 short sword
              (13 damage)
             ... on level 5 of the Dungeon on Aug 1, 2019.
             The game lasted 00:29:57 (4583 turns).

Mithandil the Conjurer (Deep Elf Conjurer)          Turns: 4583, Time: 00:29:58

Health: -5/37      AC:  8    Str:  7    XL:     7   Next: 70%
Magic:  8/18       EV: 17    Int: 20    God:
Gold:   170        SH:  5    Dex: 18    Spells: 4/18 levels left

rFire    . . .     SeeInvis .   a - +0 dagger
rCold    . . .     Gourm    .   s - +0 buckler
rNeg     . . .     Faith    .   v - +0 leather armour
rPois    .         Spirit   .   k - +1 helmet of the Thistle {Dex+3}
rElec    .         Reflect  .   (no cloak)
rCorr    .         Harm     .   (no gloves)
MR       .....                  (no boots)
Stlth    +++.......             (no amulet)
HPRegen  0.12/turn              h - +3 ring of protection
MPRegen  0.16/turn              g - +4 ring of evasion

@: no status effects
A: no striking features
a: no special abilities


You were on level 5 of the Dungeon.
You were not hungry.

You visited 1 branch of the dungeon, and saw 6 of its levels.

You collected 170 gold pieces.

Inventory:

Hand Weapons
 a - a +0 dagger (weapon)
 b - a +0 short sword
Missiles
 e - 3 javelins (quivered)
 q - 18 arrows
Armour
 k - the +1 helmet of the Thistle (worn) {Dex+3}
   (You took it off Robin on level 2 of the Dungeon)

   It affects your dexterity (+3).
 m - a +0 robe
 s - a +0 buckler (worn)
 v - a +0 leather armour (worn)
 C - a +1 pair of gloves
Jewellery
 g - a +4 ring of evasion (right hand)
 h - a +3 ring of protection (left hand)
 i - an uncursed ring of protection from fire
Scrolls
 n - 5 scrolls of remove curse
 p - 3 scrolls of amnesia
 r - a scroll of blinking
 u - a scroll of teleportation
 y - a scroll of identify
 z - a scroll of fear
Potions
 d - a potion of agility {unknown}
 f - a potion of haste
 j - a potion of cancellation {unknown}
 l - a potion of flight {unknown}
 o - 2 potions of curing {unknown}
 t - a potion of heal wounds {unknown}
 w - a potion of mutation {unknown}
 A - a potion of resistance {unknown}
 B - 3 potions of might {unknown}
Comestibles
 c - 6 rations


   Skills:
 + Level 0.5 Fighting
 + Level 4.2 Dodging
 + Level 4.5 Stealth
 * Level 2.5 Shields
 + Level 6.2 Spellcasting
 * Level 6.5 Conjurations
 + Level 1.9 Hexes
 + Level 2.2 Translocations


You had 4 spell levels left.
You knew the following spells:

 Your Spells              Type           Power        Failure   Level  Hunger
a - Magic Dart            Conj           ####         1%          1    None
b - Searing Ray           Conj           ####..       1%          2    None
c - Force Lance           Conj/Tloc      ###.....     30%         4    ####...
d - Iskenderun's Mystic   Conj           ####....     12%         4    ####...
s - Dazzling Spray        Conj/Hex       ###...       10%         3    ##.....

Your spell library contained the following spells:

 Spells                   Type           Power        Failure   Level  Hunger
 Fulminant Prism          Conj/Hex       ###.......   32%         4    ####...


Dungeon Overview and Level Annotations

Branches:
Dungeon (6/15)             Temple (0/1) D:6

Altars:
Nemelex Xobeh
Okawaru
Yredelemnul

Shops:
D:6 =

Annotations:
D:5 exclusion: downstairs
D:6 exclusion: hydra, Eustachio


Message History

There is a stone staircase leading up here.
The orc warrior hits you but does no damage.
You climb upwards.
Level annotation: exclusion: downstairs
There is a stone staircase leading down here.
Casting: Searing Ray (safe; 1% risk of failure)
Confirm with . or Enter, or press ? or * to list all spells.
Aiming: Searing Ray (safe; 1% risk of failure)
Press: ? - help, Shift-Dir - straight line, f - orc warrior
Aim: an orc warrior, wielding a +0 short sword and wearing a +0 plate armour The searing ray hits the orc warrior but does no damage. (Press . to maintain the ray.)
The orc warrior hits you with a +0 short sword.
The searing ray hits the orc warrior but does no damage.
The orc warrior hits you with a +0 short sword!
* * * LOW HITPOINT WARNING * * *
The searing ray hits the orc warrior!
The orc warrior is moderately wounded.
The orc warrior hits you with a +0 short sword!
You die...

#..............
#...............
#..............
#.............. S.
+............## ...
#.......##...##....)##
###.....##...##......#
#.....##...........#
#..o@..............#
#..................#
+.....##...##......#
#.....##...##......#
#.....##....<......#
#.....##....>......#
#..................#
#..............(...#
...##+####.....##


You could see an orc warrior.

Vanquished Creatures
  Sigmund (D:2)
  A phantom (D:4)
  A bullfrog (D:6)
  A wyvern skeleton (D:6)
  A scorpion (D:4)
  A bullfrog zombie (D:6)
  A jelly (D:5)
  Natasha (thrice) (D:2)
  An orc wizard (D:4)
  A worker ant zombie (D:5)
  Robin (D:2)
  14 adders
  A shadow imp (D:6)
  3 oozes (D:2)
  3 adder skeletons (D:4)
  A worm (D:3)
  3 leopard geckos
  3 orcs
  3 giant cockroaches
  14 goblins
  4 hobgoblins
  11 jackals
  5 kobolds
  2 quokkas (D:3)
  10 ball pythons
  8 bats
  5 frilled lizards
  2 gnoll zombies (D:2)
  A quokka zombie (D:5)
  11 rats
117 creatures vanquished.

Notes
Turn   | Place    | Note
-------+----------+-------------------------------------------
     0 | D:1      | Mithandil the Deep Elf Conjurer began the quest for the
                  | Orb.
     0 | D:1      | Reached XP level 1. HP: 10/10 MP: 6/6
   381 | D:1      | Reached XP level 2. HP: 8/15 MP: 6/8
   385 | D:1      | Learned a level 2 spell: Searing Ray
  1114 | D:2      | Reached XP level 3. HP: 10/19 MP: 0/10
  1153 | D:2      | Identified the +1 helmet of the Thistle {Dex+3}
  1153 | D:2      | Noticed Robin
  1160 | D:2      | Killed Robin
  1339 | D:2      | Reached skill level 5 in Conjurations
  1498 | D:2      | Reached XP level 4. HP: 24/24 MP: 7/12
  1504 | D:2      | Learned a level 4 spell: Force Lance
  1509 | D:2      | Learned a level 4 spell: Iskenderun's Mystic Blast
  1665 | D:2      | Found a sparkling altar of Nemelex Xobeh.
  1665 | D:2      | Found an iron altar of Okawaru.
  1755 | D:2      | Noticed Sigmund
  1833 | D:2      | Noticed Natasha
  1838 | D:2      | Killed Natasha
  2089 | D:2      | Noticed Natasha
  2094 | D:2      | Killed Natasha
  2094 | D:2      | Reached XP level 5. HP: 28/28 MP: 9/14
  2287 | D:2      | Killed Sigmund
  2287 | D:2      | Reached skill level 1 in Shields
  2287 | D:2      | Reached skill level 5 in Spellcasting
  2287 | D:2      | Reached skill level 1 in Translocations
  2287 | D:2      | Reached XP level 6. HP: 29/32 MP: 6/15
  2402 | D:2      | Noticed Natasha
  2406 | D:2      | Killed Natasha
  2495 | D:2      | Found a basalt altar of Yredelemnul.
  2600 | D:3      | Upgraded the game from 0.24-a0-524-gf43b32f898 to
                  | 0.24-a0-525-g9231cdcba1
  2821 | D:3      | Learned a level 3 spell: Dazzling Spray
  4085 | D:4      | Reached skill level 1 in Hexes
  4085 | D:4      | Reached XP level 7. HP: 36/36 MP: 8/17
  4290 | D:5      | Entered Level 5 of the Dungeon
  4369 | D:6      | Found Cuch's Jewellery Boutique.
  4369 | D:6      | Noticed Eustachio
  4460 | D:6      | Noticed a four-headed hydra
  4498 | D:6      | Found a staircase to the Ecumenical Temple.
  4583 | D:5      | Slain by an orc warrior

Levels and vault maps discovered:
D:1:      lightli_arrival_isolated_outpost, layout_basic
D:2:      layout_rooms, lemuel_zombie_altar_yredelemnul,
          gammafunk_temple_overflow_pools, first_ration, uniq_sigmund,
          uniq_natasha, uniq_robin
D:3:      layout_loops_corners, minmay_snake_closets
D:4:      layout_rooms, serial_shops, kennysheep_mini
D:5:      layout_gridville, gammafunk_temple_overflow_elements,
          makhleb_altar_promises_db, uniq_menkaure, uniq_crazy_yiuf_cottage
D:6:      layout_basic, minmay_temple_entry_butterflies, serial_shops, shop,
          portal_sewer_entry_e, grunt_gozag_breadcrumbs, uniq_eustachio,
          uniq_pikel

Skill      XL: |  1  2  3  4  5  6  7 |
---------------+----------------------+-----
Dodging        | 3 4 |  4.2
Spellcasting   | 4 5 6 |  6.2
Stealth        | 3 4 |  4.5
Conjurations   | 5 6 |  6.5
Shields        | 1 2 |  2.5
Translocations | 1 2 |  2.2
Hexes          | 1 |  1.9
Fighting       | |  0.5

Action                   |  1- 3 |  4- 6 |  7- 9 || total
-------------------------+-------+-------+-------++-------
Melee: Mace              |     8 |       |       ||     8
       Short sword       |     3 |       |       ||     3
       Dagger            |       |    41 |     9 ||    50
 Cast: Magic Dart        |    72 |   101 |    32 ||   205
       Searing Ray       |     2 |    13 |     8 ||    23
       Force Lance       |       |     1 |       ||     1
       Iskenderun's Myst |       |     1 |       ||     1
  Use: Scroll            |     7 |     3 |       ||    10
 Stab: Sleeping          |       |     8 |       ||     8
  Eat: Chunk             |     2 |     8 |     1 ||    11
Armor: Robe              |     9 |    16 |       ||    25
       Leather armour    |       |     3 |     6 ||     9
Dodge: Dodged            |    12 |    60 |    31 ||   103
Block: Buckler           |       |    12 |     9 ||    21

Table legend:
 A = Non-vault XP
 B = Vault XP
 C = Vault XP percentage of total XP
 D = Non-vault monster count
 E = Vault monster count
 F = Vault count percentage of total count
                 A         B        C        D         E       F
            +---------+---------+-------+---------+---------+-------
      Total |     837 |     383 |  31.4 |      88 |      29 |  24.8
            +---------+---------+-------+---------+---------+-------
        D:1 |      36 |       0 |   0.0 |      23 |       0 |   0.0
        D:2 |     165 |     292 |  63.9 |      26 |      15 |  36.6
        D:3 |      72 |      91 |  55.8 |      20 |      14 |  41.2
        D:4 |     269 |       0 |   0.0 |      11 |       0 |   0.0
        D:5 |      72 |       0 |   0.0 |       4 |       0 |   0.0
        D:6 |     223 |       0 |   0.0 |       4 |       0 |   0.0
            +---------+---------+-------+---------+---------+-------
